 Dungeon Crawl Stone Soup version 0.26.0-10-g1f06aea511 (webtiles) character file.

Game seed: 16860758607227348591

20544 Arum the Fighter (level 13, -8/112 HPs)
             Began as a Formicid Fighter on Jan 17, 2021.
             Was a High Priest of the Shining One.
             Mangled by Snorg (13 damage)
             ... on level 12 of the Dungeon.
             The game lasted 00:25:41 (10356 turns).

Arum the Fighter (Formicid Fighter)                Turns: 10356, Time: 00:25:42

Health: -8/112     AC: 22    Str: 22    XL:     13   Next: 13%
Magic:  11/13      EV:  7    Int: 14    God:    the Shining One [*****.]
Gold:   612        SH: 17    Dex: 10    Spells: 12/12 levels left

rFire    . . .     SeeInvis +   a - +0 quarterstaff
rCold    . . .     Faith    .   c - +0 kite shield
rNeg     + + .     Spirit   .   q - +4 plate armour
rPois    .         Reflect  .   (helmet unavailable)
rElec    .         Harm     .   (no cloak)
rCorr    .         Rampage  .   t - +1 pair of gloves
Will     +....                  v - +0 pair of boots
Stlth    ..........             e - amulet of regeneration
HPRegen  0.68/turn              u - +6 ring of intelligence
MPRegen  0.13/turn              Q - -4 ring of strength (curse)

@: divine shield, glowing
A: permanent stasis, dig shafts and tunnels, four strong arms, antennae 3
a: Dig, Shaft Self, Renounce Religion, Divine Shield, Cleansing Flame, Summon
Divine Warrior


You were on level 12 of the Dungeon.
You worshipped the Shining One.
The Shining One was extremely pleased with you.
You visited 1 branch of the dungeon, and saw 12 of its levels.

You collected 703 gold pieces.
You spent 91 gold pieces at shops.

Inventory:

Hand Weapons
 a - a +0 quarterstaff (weapon)
Missiles
 k - 3 throwing nets
 y - 3 javelins
Armour
 c - a +0 kite shield (worn)
 q - a +4 plate armour (worn)
 t - a +1 pair of gloves (worn)
 v - a +0 pair of boots (worn)
Jewellery
 e - an amulet of regeneration (around neck)
 u - a +6 ring of intelligence (left hand)
 w - an uncursed amulet of guardian spirit {unknown}
 D - a cursed amulet of inaccuracy {unknown}
 Q - a cursed -4 ring of strength (right hand)
Wands
 x - a wand of flame (11)
 C - a wand of polymorph (7)
 L - a wand of iceblast (7)
 M - a wand of disintegration (8)
 P - a wand of enslavement (12)
Scrolls
 b - 3 scrolls of teleportation {unknown}
 f - 7 scrolls of remove curse {unknown}
 i - 4 scrolls of amnesia {unknown}
 j - 3 scrolls of blinking {unknown}
 l - 3 scrolls of fear {unknown}
 m - 2 scrolls of noise {unknown}
 n - 2 scrolls of immolation {unknown}
 p - a scroll of magic mapping {unknown}
 r - 13 scrolls of identify {unknown}
 F - a scroll of enchant armour {unknown}
 G - a scroll of fog
 K - a scroll of vulnerability {unknown}
 N - a scroll of acquirement {unknown}
 O - a scroll of enchant weapon {unknown}
 R - a scroll of brand weapon {unknown}
 S - a scroll of random uselessness {unknown}
Potions
 d - 3 potions of might
 g - 7 potions of curing
 h - 2 potions of haste
 o - 3 potions of experience {unknown}
 s - 3 potions of brilliance {unknown}
 z - 2 potions of flight {unknown}
 A - 2 potions of heal wounds {unknown}
 B - 2 potions of lignification {unknown}
 E - 2 potions of mutation {unknown}
 H - a potion of attraction {unknown}
 I - a potion of degeneration {unknown}
 J - a potion of ambrosia {unknown}


   Skills:
 + Level 13.6 Fighting
 + Level 12.5 Staves
 + Level 10.3 Armour
 - Level 9.0 Shields


You had 12 spell levels left.
You didn't know any spells.
Your spell library contained the following spells:

 Spells                   Type           Power        Failure   Level
 Animate Skeleton         Necr           0%           98%         1
 Apportation              Tloc           0%           98%         1
 Corona                   Hex            0%           98%         1
 Sandblast                Erth           0%           98%         1
 Summon Small Mammal      Summ           0%           98%         1
 Call Imp                 Summ           0%           99%         2
 Ensorcelled Hibernation  Hex/Ice        0%           99%         2
 Passwall                 Tmut/Erth      0%           99%         2
 Call Canine Familiar     Summ           0%           100%        3
 Confusing Touch          Hex            0%           100%        3
 Dazzling Flash           Conj/Hex       0%           100%        3
 Gell's Gravitas          Tloc           0%           100%        3
 Lesser Beckoning         Tloc           0%           100%        3
 Stone Arrow              Conj/Erth      0%           100%        3
 Summon Guardian Golem    Hex/Summ       0%           100%        3
 Teleport Other           Tloc           0%           100%        3
 Tukima's Dance           Hex            0%           100%        3
 Passage of Golubria      Tloc           N/A          100%        4
 Petrify                  Tmut/Erth      0%           100%        4
 Summon Ice Beast         Ice/Summ       0%           100%        4
 Summon Lightning Spire   Summ/Air       0%           100%        4
 Lee's Rapid Deconstruct  Erth           0%           100%        5
 Blink                    Tloc           Unusable     N/A         2

Dungeon Overview and Level Annotations

Branches:
Dungeon (12/15)            Temple (0/1) D:6            Lair (0/6) D:11
    Orc (0/2) D:9

Altars:
Ashenzari
Dithmenos
Elyvilon
Fedhas
Hepliaklqana
Makhleb
Ru
Trog
Wu Jian
Yredelemnul
The Shining One
Beogh

Shops:
D:7 *(   D:8 }

Annotations:
D:4 3 runed translucent doors, Daviar's ghost, amateur BaFi
D:12 Snorg


Innate Abilities, Weirdness & Mutations

You cannot be hasted, slowed, berserked, paralysed or teleported.
You can dig through walls and to a lower floor.
Your four strong arms can wield two-handed weapons with a shield.
You have a pair of large antennae on your head. (SInv)


Message History

Snorg bites you!!
* * * LOW HITPOINT WARNING * * *
You block Snorg's attack. Snorg claws you but does no damage.
Unknown command.
Unknown command.
It was a potion of curing.
You feel better. Snorg bites you.
* * * LOW HITPOINT WARNING * * *
Snorg claws you.
* * * LOW HITPOINT WARNING * * *
You block Snorg's attack.
You feel better. You block Snorg's attack. Snorg claws you!
* * * LOW HITPOINT WARNING * * *
You block Snorg's attack. x2; Snorg claws you!
* * * LOW HITPOINT WARNING * * *
Snorg claws you.
* * * LOW HITPOINT WARNING * * *
You feel better. Snorg bites you!
* * * LOW HITPOINT WARNING * * *
You block Snorg's attack. Snorg claws you!
You die...

..........)...........###...
..........####.######## #...
######'### #.# #### #####..#
#.# ##.....## #.# #..#####
#.# #.## #.#### ##.#####
####...... ###
#......####.@To..... ####
..# #.>....##...##o.....
#... ..# #......##.### ...|.
#... ..###..(...#..# ....
+... ..#.(....†...## ...
#... .((.#[.....### .. ####
..####.##### . ### #..##
##..##


You could see Snorg (berserk) and 2 orcs.

Vanquished Creatures
  Gastronok (D:8)
  2 boulder beetles
  A hydra (D:11)
  3 two-headed ogres
  An unseen horror (D:6)
  A wolf spider zombie (D:11)
  An ugly thing (D:12)
  2 cyclopes (D:12)
  2 manticores
  An elephant (D:11)
  2 centaur zombies (D:12)
  Psyche (D:8)
  3 centaur skeletons
  A komodo dragon (D:12)
  2 polar bears (D:10)
  8 yaks
  2 wyverns
  2 basilisks (D:11)
  A wraith (D:10)
  2 vampire mosquitoes (D:10)
  Menkaure (D:5)
  A water moccasin (D:8)
  12 orc warriors
  3 phantoms
  3 ice beasts (D:10)
  2 sky beasts
  2 black bears
  A hornet zombie (D:12)
  2 eyes of draining
  A meliai simulacrum (D:10)
  A necrophage (D:9)
  5 ogres
  12 centaurs
  A wolf (D:10)
  2 big kobolds
  4 bullfrogs
  3 scorpions
  6 killer bees (D:7)
  17 wights
  2 bullfrog zombies (D:5)
  4 hounds
  A bullfrog skeleton (D:8)
  3 jellies
  9 orc priests
  Jessica (D:2)
  4 iguanas
  Ijyb (D:5)
  Terence (D:2)
  10 orc wizards
  2 worker ants
  A killer bee zombie (D:9)
  A bullfrog simulacrum (D:10)
  A hound zombie (D:8)
  A howler monkey zombie (D:9)
  7 gnolls
  7 adders
  2 shadow imps
  7 white imps
  A worker ant simulacrum (D:10)
  4 ufetubi
  2 oozes (D:2)
  An adder zombie (D:8)
  2 adder skeletons (D:5)
  6 worms
  4 dart slugs
  4 leopard geckos
  49 orcs
  5 bats
  5 giant cockroaches
  8 goblins
  9 hobgoblins
  7 jackals
  5 quokkas
  9 frilled lizards
  17 kobolds
  A quokka skeleton (D:4)
  6 rats
328 creatures vanquished.

Vanquished Creatures (others)
  A fungus (D:11)
  2 plants (D:11)
3 creatures vanquished.

Grand Total: 331 creatures vanquished

Notes
Turn   | Place    | Note
-------+----------+-------------------------------------------
     0 | D:1      | Arum the Formicid Fighter began the quest for the Orb.
     0 | D:1      | Reached XP level 1. HP: 18/18 MP: 1/1
   104 | D:1      | Reached XP level 2. HP: 24/24 MP: 2/2
   336 | D:1      | Reached XP level 3. HP: 29/29 MP: 3/3
   869 | D:2      | Reached XP level 4. HP: 34/37 MP: 4/4
  1183 | D:2      | Noticed Jessica
  1184 | D:2      | Killed Jessica
  1185 | D:2      | Reached skill level 4 in Fighting
  1185 | D:2      | Reached XP level 5. HP: 42/42 MP: 5/5
  1485 | D:2      | Noticed Terence
  1498 | D:2      | Killed Terence
  2041 | D:3      | Found a basalt altar of Yredelemnul.
  2078 | D:3      | Reached XP level 6. HP: 47/49 MP: 6/6
  2166 | D:3      | Reached skill level 5 in Shields
  2484 | D:3      | Found a glowing golden altar of the Shining One.
  2519 | D:3      | Became a worshipper of the Shining One
  2649 | D:4      | Found a runed translucent gate.
  2649 | D:4      | Found a runed translucent gate.
  2649 | D:4      | Found a runed translucent gate.
  2649 | D:4      | Noticed Daviar's ghost (amateur BaFi)
  2716 | D:4      | Found a bloodstained altar of Trog.
  2716 | D:4      | Found a sacrificial altar of Ru.
  2950 | D:4      | Found a white marble altar of Elyvilon.
  2951 | D:4      | Found a glowing golden altar of the Shining One.
  2959 | D:4      | Found a hazy altar of Hepliaklqana.
  3249 | D:5      | Entered Level 5 of the Dungeon
  3306 | D:5      | Noticed Menkaure
  3312 | D:5      | Killed Menkaure
  3313 | D:5      | Reached skill level 5 in Fighting
  3313 | D:5      | Reached XP level 7. HP: 56/56 MP: 7/7
  3326 | D:5      | Found a sacrificial altar of Ru.
  3337 | D:5      | Noticed Ijyb
  3343 | D:5      | Reached skill level 5 in Armour
  3354 | D:5      | Killed Ijyb
  3430 | D:5      | Reached * piety under the Shining One
  3802 | D:5      | Reached XP level 8. HP: 62/64 MP: 8/8
  4292 | D:6      | Reached skill level 6 in Fighting
  4292 | D:6      | Reached skill level 5 in Staves
  4566 | D:6      | Noticed an unseen horror
  4585 | D:6      | Killed an unseen horror
  4586 | D:6      | Reached skill level 7 in Fighting
  4586 | D:6      | Reached XP level 9. HP: 56/72 MP: 9/9
  4765 | D:6      | Found a staircase to the Ecumenical Temple.
  4907 | D:7      | Found Mymen's Antique Weapon Boutique.
  4960 | D:7      | Found a blossoming altar of Fedhas.
  5104 | D:7      | Found a burning altar of Makhleb.
  5114 | D:7      | Found Fatexeh's General Store.
  5135 | D:7      | Bought a potion of berserk rage for 65 gold pieces
  5135 | D:7      | Bought a scroll of fog for 26 gold pieces
  5194 | D:7      | Reached skill level 8 in Fighting
  5355 | D:7      | Found an ornate altar of the Wu Jian Council.
  5550 | D:8      | Reached ** piety under the Shining One
  5592 | D:8      | Found a shadowy altar of Dithmenos.
  5631 | D:8      | Found Faug's Gadget Shoppe.
  5839 | D:8      | Reached XP level 10. HP: 82/82 MP: 10/10
  5861 | D:8      | Found a broken altar of Ashenzari.
  5907 | D:8      | Reached skill level 9 in Fighting
  6109 | D:8      | Noticed Psyche
  6117 | D:8      | Killed Psyche
  6142 | D:8      | Noticed Gastronok
  6173 | D:8      | Killed Gastronok
  6174 | D:8      | Reached skill level 10 in Fighting
  6542 | D:9      | Noticed a two-headed ogre
  6542 | D:9      | Reached *** piety under the Shining One
  6550 | D:8      | Reached skill level 11 in Fighting
  6550 | D:8      | Reached XP level 11. HP: 72/93 MP: 11/11
  6638 | D:9      | Reached skill level 10 in Staves
  6997 | D:9      | Found a staircase to the Orcish Mines.
  7017 | D:9      | Found a roughly hewn altar of Beogh.
  7154 | D:9      | Killed a two-headed ogre
  7155 | D:9      | Reached skill level 12 in Fighting
  7433 | D:10     | Entered Level 10 of the Dungeon
  7436 | D:10     | Reached **** piety under the Shining One
  7697 | D:10     | Reached ***** piety under the Shining One
  8134 | D:10     | Reached XP level 12. HP: 89/103 MP: 12/12
  8292 | D:11     | Noticed a two-headed ogre
  8302 | D:10     | Killed a two-headed ogre
  8579 | D:11     | Noticed a boulder beetle
  8600 | D:11     | Killed a boulder beetle
  8913 | D:11     | Reached skill level 13 in Fighting
  8972 | D:11     | Found a staircase to the Lair.
  9064 | D:11     | Noticed an eight-headed hydra
  9074 | D:11     | Killed an eight-headed hydra
  9194 | D:11     | Noticed a two-headed ogre
  9205 | D:11     | Killed a two-headed ogre
  9719 | D:12     | Reached skill level 10 in Armour
  9719 | D:12     | Reached XP level 13. HP: 60/111 MP: 13/13
  9816 | D:12     | Noticed a boulder beetle
 10114 | D:12     | Killed a boulder beetle
 10335 | D:12     | Noticed Snorg
 10356 | D:12     | HP: 5/112 [Snorg (11)]
 10356 | D:12     | Mangled by Snorg

Illustrated notes

Levels and vault maps discovered:
D:1:      sevenhm_arrival_forest_fort_large_4, layout_basic, minmay_lizard_pond
D:2:      layout_loops_ring, chequers_serial_rivers_small_3, uniq_terence,
          uniq_jessica
D:3:      layout_basic, yredelemnul_altar_generic,
          chequers_serial_rivers_small_a, tso_altar
D:4:      layout_loops_ring, nicolae_overflow_hidden_temple,
          gammafunk_temple_overflow_elements, ebering_ghost_rock_garden,
          kennysheep_generic_room_2
D:5:      layout_basic, basic_altar, mrwooster_statue_mirror, uniq_ijyb,
          uniq_menkaure
D:6:      minmay_recursive_quarters, layout_basic, minmay_temple_entry_offerings
D:7:      layout_gridville, lemuel_crystal_altar, lemuel_doored_altar,
          fedhas_bush_and_centaur_altar, serial_shops, shop, nicolae_shop_trees
D:8:      layout_gridville, evilmike_ruin_ashenzari, serial_shops, shop,
          grunt_dithmenos_smoke_and_mirrors, uniq_psyche, uniq_gastronok
D:9:      layout_rooms, david_orc_5, st_stairs_5
D:10:     layout_gridville, serial_ice, serial_ice_n, serial_ice_e,
          serial_ice_b, serial_ice_d, serial_park_tiny_1
D:11:     layout_loops_ring, david_lair_generic, kennysheep_generic_room_8
D:12:     layout_roguey, uniq_snorg

Skill      XL: |  1  2  3  4  5  6  7  8  9 10 11 12 |
---------------+-------------------------------------+-----
Shields        | 4 5 6 8 9 |  9.0
Fighting       | 4 5 7 8 11 12 13 | 13.6
Armour         | 4 5 7 10 | 10.3
Staves         | 3 4 6 7 9 11 12 | 12.5

Action                   |  1- 3 |  4- 6 |  7- 9 | 10-12 | 13-15 || total
-------------------------+-------+-------+-------+-------+-------++-------
Melee: Quarterstaff      |    83 |   216 |   241 |   834 |   128 ||  1502
Invok: Divine Shield     |       |       |       |     1 |     1 ||     2
 Abil: Dig               |       |     4 |     4 |     7 |       ||    15
Evoke: Wand              |       |       |       |     1 |     7 ||     8
  Use: Potion            |       |       |       |     1 |     3 ||     4
Armor: Scale mail        |    47 |    19 |       |       |       ||    66
       Plate armour      |       |    60 |   133 |   334 |    35 ||   562
Dodge: Dodged            |    28 |    47 |    56 |   147 |     9 ||   287
Block: Kite shield       |    44 |   109 |   142 |   408 |    58 ||   761
